 Dungeon Crawl Stone Soup version 0.30-a0-613-gdd512c7efb (webtiles) character file.

Game seed: 17204613606512342173

22288 porpoise the Spear-Bearer (level 12, -1/75 (85) HPs)
             Began as a Demonspawn Gladiator on Jan 9, 2023.
             Was an Elder of Hepliaklqana.
             Slain by a ghost crab (10 damage)
             ... on level 2 of the Lair of Beasts.
             The game lasted 00:44:29 (11527 turns).

porpoise the Spear-Bearer (Demonspawn Gladiator)   Turns: 11527, Time: 00:44:30

HP:   -1/75 (85)    AC: 13    Str: 19    XL:     12   Next: 61%
MP:   17/17         EV: 13    Int:  9    God:    Hepliaklqana [****..]
Gold: 361           SH:  8    Dex: 22    Spells: 11/11 levels left

rFire   + . .      SeeInvis .    a - +6 quarterstaff of Lezaf {venom, rElec rPois rF- Int+2 Dex+7}
rCold   . . .      Faith    .    (shield currently unavailable)
rNeg    . . .      Spirit   .    G - +0 scale mail of Kikubaaqudgha's Regard {rElec rF+ Int-3 Slay+5}
rPois   +          Reflect  .    c - +1 helmet
rElec   +          Harm     .    F - +1 cloak
rCorr   .          Rampage  .    T - +0 pair of gloves
Will    .....                    (no boots) Stlth
                                 m - amulet of the acrobat
HPRegen 0.32/turn                k - ring of poison resistance
MPRegen 0.15/turn                D - ring of protection from fire

@: heavily drained
A: reduced essence, hooves 2, large bone plates 3, demonic guardian 1, ignite
blood 3
a: Renounce Religion, Recall Ancestor, Ancestor Identity, Transference, Idealise


You were on level 2 of the Lair of Beasts.
You worshipped Hepliaklqana.
Hepliaklqana was greatly pleased with you.
You visited 3 branches of the dungeon, and saw 13 of its levels.

You collected 786 gold pieces.
You spent 425 gold pieces at shops.

Inventory:

Hand Weapons
 a - the +6 quarterstaff of Lezaf (weapon) {venom, rElec rPois rF- Int+2 Dex+7}
   (You found it on level 2 of the Dungeon)

   Int:       It affects your intelligence (+2).
   Dex:       It affects your dexterity (+7).
   rF:        It makes you vulnerable to fire.
   rElec:     It insulates you from electricity.
   rPois:     It protects you from poison.
 b - the +7 sling of Beemp {antimagic, Dex+8}
   (You found it on level 6 of the Dungeon)

   Dex:       It affects your dexterity (+8).
 w - a +4 trident
Missiles
 e - 6 boomerangs
 q - 2 curare-tipped darts (quivered)
Armour
 c - a +1 helmet (worn)
 d - a +1 scale mail of fire resistance
 F - a +1 cloak (worn)
 G - the +0 scale mail of Kikubaaqudgha's Regard (worn) {rElec rF+ Int-3 Slay+5}
   (You bought it in a shop on level 10 of the Dungeon)

   Int:       It affects your intelligence (-3).
   Slay:      It affects your accuracy & damage with ranged weapons and melee
   (+5).
   rF:        It protects you from fire.
   rElec:     It insulates you from electricity.
 T - a +0 pair of gloves (worn)
Jewellery
 k - a ring of poison resistance (left hand)
 m - an amulet of the acrobat (around neck)
 D - a ring of protection from fire (right hand)
 K - a ring of ice
 X - a ring of fire
Wands
 l - a wand of flame (54)
 A - a wand of charming (18)
 R - a wand of polymorph (10)
 V - a wand of digging (3)
Scrolls
 f - 7 scrolls of teleportation
 s - 2 scrolls of fog
 u - 3 scrolls of magic mapping
 y - 4 scrolls of poison
 P - 2 scrolls of vulnerability
 U - 2 scrolls of butterflies
 W - a scroll of noise {unknown}
Potions
 h - 2 potions of heal wounds
 i - 13 potions of curing
 o - a potion of haste
 p - a potion of attraction
 r - a potion of lignification
 t - 3 potions of might
 J - a potion of cancellation
 M - 2 potions of flight {unknown}
 N - a potion of degeneration {unknown}
 Z - 2 potions of invisibility {unknown}


   Skills:
 - Level 9.0 Fighting
 - Level 14.0 Polearms
 + Level 1.3 Ranged Weapons
 - Level 1.7 Throwing
 + Level 6.2 Armour
 + Level 5.0 Dodging
 - Level 5.0 Shields
 - Level 7.0 Invocations
 - Level 5.0 Evocations


You had 11 spell levels left.
You didn't know any spells.
Your spell library contained the following spells:

 Spells                   Type           Power      Damage    Failure   Level
 Freeze                   Ice            0%         1d3       73%         1
 Necrotise                Necr           0%         1d4       73%         1
 Shock                    Conj/Air       0%         1d3       73%         1
 Ensorcelled Hibernation  Hex/Ice        0%         N/A       86%         2
 Passwall                 Tmut/Erth      0%         N/A       86%         2
 Frozen Ramparts          Ice            0%         1d1       97%         3
 Hailstorm                Conj/Ice       0%         3d3       97%         3
 Ignite Poison            Fire/Tmut/Pois 0%         N/A       97%         3
 Inner Flame              Hex/Fire       0%         N/A       97%         3
 Spider Form              Tmut/Pois      0%         N/A       97%         3
 Swiftness                Air            0%         N/A       97%         3
 Vampiric Draining        Necr           0%         2d6       97%         3
 Airstrike                Air            0%         2d(0-16)  100%        4
 Anguish                  Hex/Necr       0%         N/A       100%        4
 Cause Fear               Hex            0%         N/A       100%        4
 Flame Wave               Conj/Fire      0%         2d4       100%        4
 Sticky Flame             Conj/Fire      0%         2d3       100%        4
 Summon Lightning Spire   Summ/Air       0%         N/A       100%        4
 Agony                    Necr           0%         N/A       100%        5
 Lightning Bolt           Conj/Air       0%         1d11      100%        5
 Discord                  Hex            0%         N/A       100%        8
 Ignition                 Fire           0%         3d3       100%        8


Dungeon Overview and Level Annotations

Branches:
Dungeon (10/15)            Temple (1/1) D:5            Lair (2/5) D:8
  Swamp (0/4) Lair:2       Spider (0/4) Lair:2          Orc (0/2) D:9

Altars:
Ashenzari
Cheibriados
Dithmenos
Fedhas
Gozag
Hepliaklqana
Kikubaaqudgha
Makhleb
Nemelex Xobeh
Okawaru
Qazlal
Ru
Sif Muna
Trog
Uskayaw
Vehumet
Wu Jian
Xom
Yredelemnul

Shops:
D:5 ([*=   D:10 *

Annotations:
D:7 3 runed translucent doors, bigduke15's ghost, novice MiFi
D:8 2 transporters


Innate Abilities, Weirdness & Mutations

Your life essence is reduced to manifest your ancestor. (-10% HP)
You have hoof-like feet.
You are completely covered in large bone plates. (SH +8)
A weak demonic guardian rushes to your aid.
Your demonic aura causes all spilled blood to erupt in flames.


Message History

You are engulfed in spectral mist.
Nikki completely misses the ghost crab.
The ghost crab barely misses you. The ghost crab misses you.
The ghost crab closely misses you. You block the ghost crab's attack.
You barely miss the ghost crab. You kick the ghost crab.
The ghost crab is lightly damaged.
You are engulfed in spectral mist.
Nikki is engulfed in spectral mist.
Nikki hits the ghost crab with a +0 flail!
The ghost crab closely misses you. You block the ghost crab's attack.
The ghost crab breathes spectral mist at you.
The spectral mist engulfs you but does no damage.
You thump the ghost crab! You kick the ghost crab.
The ghost crab is moderately damaged.
You are engulfed in spectral mist.
Nikki is engulfed in spectral mist.
Nikki hits the ghost crab with a +0 flail!
The spectral death yak gores you!
The ghost crab breathes spectral mist at you.
The spectral mist engulfs you but does no damage.
You block the ghost crab's attack. x2
You barely miss the ghost crab. You kick the ghost crab!
The ghost crab is moderately damaged.
You are engulfed in spectral mist.
Nikki is engulfed in spectral mist.
Nikki hits the ghost crab with a +0 flail!
You block the spectral death yak's attack.
Nikki blocks the ghost crab's attack.
The ghost crab barely misses Nikki.
The ghost crab bites you!
You feel drained. The ghost crab closely misses you.
You barely miss the ghost crab. You kick the ghost crab!
The ghost crab is heavily damaged.
You are engulfed in spectral mist.
Nikki barely misses the ghost crab.
You bludgeon the ghost crab!!
The ghost crab is almost destroyed.
You are engulfed in spectral mist.
The spectral death yak gores you!
* * * LOW HITPOINT WARNING * * *
You feel drained.
* * * LOW HITPOINT WARNING * * *
A demonic guardian appears!
The ghost crab is engulfed in blazing flames.
The ghost crab bites you.
* * * LOW HITPOINT WARNING * * *
The ghost crab claws you!
You die...

# ♣♣♣♣ ###
♣§§♣ #..#
♣§5♣ #..
♣♣.t♣♣ ##.
♣~.@t♣♣
#P.
♣§ZZ.R♣
#..
♣☼§♣♣~.♣
####. ♣§§
♣Z.♣♣
.....
♣☼.♣♣~..♣
#.##.
♣○.♣§°.♣♣
# #.
♣......♣
#.
♣♣~~..♣♣
##
♣..~.♣♣##.
#.


You could see the friendly Nikki the knight, 2 ghost crabs, a spectral black
mamba (summoned), a spectral death yak (summoned), a spectral rime drake
(summoned) and a friendly quasit (summoned).

Vanquished Creatures
  Harold (D:10)
  2 two-headed ogres
  A death yak (Lair:1)
  4 elephants (Lair:2)
  2 black mambas (Lair:2)
  4 cane toads
  3 komodo dragons (Lair:2)
  Maggie (D:8)
  A hornet (D:9)
  4 slime creatures (D:8)
  A spectral black mamba (Lair:2)
  A jumping spider (Lair:2)
  2 wyverns
  21 yaks
  2 steam dragons (D:6)
  A basilisk (Lair:1)
  6 water moccasins
  An orc warrior (D:9)
  A sky beast (D:8)
  A black bear (D:6)
  A spectral torpor snail (Lair:2)
  An ice beast (D:6)
  11 wolves
  3 ogres
  2 centaurs (D:7)
  2 phantoms
  2 kobold brigands
  9 bullfrogs
  4 gnoll sergeants
  A necrophage (D:8)
  A spectral water moccasin (Lair:2)
  4 scorpions
  7 wights
  11 killer bees
  5 howler monkeys
  8 hounds
  4 orc priests
  A gnoll bouda (D:7)
  An iguana (D:5)
  8 orc wizards
  Robin (D:3)
  3 adders
  8 gnolls
  6 dart slugs
  17 orcs
  8 ball pythons
  7 endoplasms
  2 giant cockroaches
  11 hobgoblins
  4 quokkas
  7 bats
  19 goblins
  17 kobolds
  4 rats
260 creatures vanquished.

Vanquished Creatures (collateral kills)
  A catoblepas (Lair:2)
  A two-headed ogre (D:10)
  A pharaoh ant (Lair:2)
  A black mamba (Lair:2)
  An elephant (Lair:2)
  A torpor snail (Lair:1)
  A cane toad (Lair:1)
  A rime drake (Lair:2)
  A slime creature (D:8)
  A wyvern (Lair:1)
  A basilisk (Lair:1)
  Grum (Lair:1)
  6 yaks
  A spectral komodo dragon (Lair:2)
  A redback (Lair:2)
  An acid dragon (D:9)
  A bullfrog (Lair:1)
  A gnoll sergeant (D:10)
  2 wights (D:9)
  A killer bee (D:9)
  3 orc wizards
  3 gnolls
  2 orcs (D:9)
  A goblin (D:7)
  2 hobgoblins (D:7)
  5 kobolds (D:7)
42 creatures vanquished.

Vanquished Creatures (others)
  4 fungi (Lair:2)
  5 plants
9 creatures vanquished.

Grand Total: 311 creatures vanquished

Notes
Turn   | Place    | Note
-------+----------+-------------------------------------------
     0 | D:1      | porpoise the Demonspawn Gladiator began the quest for the
                  | Orb.
     0 | D:1      | Reached XP level 1. HP: 16/16 MP: 1/1
   158 | D:1      | Reached skill level 3 in Polearms
   230 | D:1      | Gained mutation: Your demonic aura sometimes causes spilled
                  | blood to erupt in flames. [demonic ancestry]
   230 | D:1      | Reached XP level 2. HP: 17/22 MP: 2/2
   676 | D:2      | Identified the +6 quarterstaff of Lezaf {venom, rElec rPois
                  | rF- Int+2 Dex+7}
   682 | D:2      | Gained mutation: You are partially covered in large bone
                  | plates. (SH +4) [demonic ancestry]
   682 | D:2      | Reached XP level 3. HP: 28/28 MP: 3/3
  1133 | D:2      | Reached skill level 4 in Polearms
  1423 | D:3      | Gained mutation: You are mostly covered in large bone
                  | plates. (SH +6) [demonic ancestry]
  1423 | D:3      | Reached XP level 4. HP: 34/34 MP: 4/4
  1618 | D:3      | Found a faded altar of an unknown god.
  1857 | D:3      | Noticed Robin
  1868 | D:3      | Killed Robin
  2198 | D:3      | Found a shadowy altar of Dithmenos.
  2379 | D:4      | Noticed a scorpion
  2384 | D:4      | Killed a scorpion
  2385 | D:4      | Gained mutation: Your demonic aura often causes spilled
                  | blood to erupt in flames. [demonic ancestry]
  2385 | D:4      | Reached XP level 5. HP: 41/41 MP: 5/5
  2491 | D:4      | Noticed a water moccasin
  2494 | D:4      | Killed a water moccasin
  2495 | D:4      | Reached skill level 5 in Polearms
  2495 | D:4      | Reached XP level 6. HP: 48/48 MP: 6/6
  2661 | D:4      | Found a shimmering blue altar of Sif Muna.
  2907 | D:5      | Entered Level 5 of the Dungeon
  3043 | D:5      | Reached skill level 6 in Polearms
  3134 | D:5      | Found a staircase to the Ecumenical Temple.
  3168 | Temple   | Entered the Ecumenical Temple
  3203 | Temple   | Became a worshipper of Hepliaklqana the Forgotten
  3236 | D:5      | Gained mutation: You have large cloven feet. [demonic
                  | ancestry]
  3236 | D:5      | Reached XP level 7. HP: 55/55 MP: 7/7
  3422 | D:5      | Found Amnurhi's Armour Shop.
  3423 | D:5      | Found Zugoigg's Weapon Shop.
  3425 | D:5      | Found Qumpo's Jewellery Shop.
  3425 | D:5      | Found Enoc's Assorted Antiques.
  3442 | D:5      | Bought a scroll of identify for 52 gold pieces
  3442 | D:5      | Bought a scroll of identify for 52 gold pieces
  3502 | D:5      | Reached skill level 5 in Fighting
  4034 | D:6      | Reached skill level 7 in Polearms
  4034 | D:6      | Reached skill level 1 in Armour
  4034 | D:6      | Reached skill level 1 in Invocations
  4065 | D:6      | Noticed a steam dragon
  4082 | D:6      | Killed a steam dragon
  4083 | D:6      | Reached XP level 8. HP: 41/62 MP: 8/10
  4161 | D:6      | Found a snail-covered altar of Cheibriados.
  4194 | D:6      | Found a blossoming altar of Fedhas.
  4363 | D:6      | Identified the +7 sling of Beemp {antimagic, Dex+8}
  4881 | D:7      | Reached * piety under Hepliaklqana
  4927 | D:7      | Reached skill level 5 in Invocations
  4976 | D:7      | Reached skill level 8 in Polearms
  5225 | D:7      | Gained mutation: You have hoof-like feet. [demonic
                  | ancestry]
  5225 | D:7      | Reached XP level 9. HP: 56/61 MP: 12/12
  5245 | D:7      | HP: 3/61 [gnoll sergeant/+1 heavy spear (9)]
  5247 | D:7      | HP: 1/61 [gnoll/+0 spear (3)]
  5475 | D:7      | Found a flagged portal.
  5683 | D:7      | Found a runed translucent gate.
  5685 | D:7      | Found a runed translucent gate.
  5686 | D:7      | Noticed a troll
  5688 | D:7      | Noticed bigduke15's ghost (novice MiFi)
  5757 | D:7      | Found a runed translucent gate.
  5853 | D:7      | Reached skill level 5 in Armour
  6222 | D:8      | Found a staircase to the Lair.
  6310 | D:8      | Reached skill level 1 in Shields
  6313 | D:8      | Reached skill level 9 in Polearms
  6318 | D:8      | Reached skill level 5 in Dodging
  6506 | D:8      | Reached skill level 1 in Evocations
  6724 | D:8      | Found a transporter.
  6724 | D:8      | Found a transporter.
  6724 | D:8      | Noticed a troll
  6725 | D:8      | Noticed a tengu conjurer
  6725 | D:8      | Noticed a wind drake
  6725 | D:8      | Noticed a tengu conjurer
  6729 | D:8      | Found an ornate altar of the Wu Jian Council.
  6731 | D:8      | a wind drake changed into a cane toad
  6731 | D:8      | Noticed a cane toad (shapeshifter)
  6759 | D:8      | Reached ** piety under Hepliaklqana
  6760 | D:8      | Remembered your ancestor Nikki as a knight
  6776 | D:8      | Noticed Maggie
  6786 | D:8      | Killed Maggie
  6787 | D:8      | Gained mutation: A weak demonic guardian rushes to your
                  | aid. [demonic ancestry]
  6787 | D:8      | Reached XP level 10. HP: 66/66 MP: 4/13
  7813 | D:9      | Found a sacrificial altar of Ru.
  7864 | D:9      | Reached skill level 10 in Polearms
  7932 | D:9      | Noticed a two-headed ogre
  7939 | D:9      | Killed a two-headed ogre
  7940 | D:9      | Reached skill level 5 in Shields
  8040 | D:9      | Reached skill level 5 in Evocations
  8344 | D:9      | Found a staircase to the Orcish Mines.
  8595 | D:9      | Found a hide-covered altar of Uskayaw.
  8600 | D:9      | Found an opulent altar of Gozag.
  8602 | D:9      | Found a sparkling altar of Nemelex Xobeh.
  8603 | D:9      | Found a stormy altar of Qazlal.
  8603 | D:9      | Found a broken altar of Ashenzari.
  8604 | D:9      | Found a basalt altar of Yredelemnul.
  8656 | D:10     | Entered Level 10 of the Dungeon
  8688 | D:10     | Gained mutation: You are completely covered in large bone
                  | plates. (SH +8) [demonic ancestry]
  8688 | D:10     | Reached XP level 11. HP: 72/72 MP: 14/14
  8704 | D:10     | Noticed a two-headed ogre
  8710 | D:10     | Killed a two-headed ogre
  8711 | D:10     | Reached skill level 11 in Polearms
  8917 | D:10     | Noticed Harold
  8921 | D:10     | Killed Harold
  8979 | D:10     | Noticed a two-headed ogre
  8983 | D:10     | Killed a two-headed ogre
  8990 | D:10     | Found a bloodstained altar of Trog.
  9215 | D:10     | Found Tekudgh's Assorted Antiques.
  9223 | D:10     | Bought a dark potion for 24 gold pieces
  9223 | D:10     | Bought a shimmering scale mail for 243 gold pieces
  9223 | D:10     | Identified the +0 scale mail of Kikubaaqudgha's Regard
                  | {rElec rF+ Int-3 Slay+5} (You bought it in a shop on level
                  | 10 of the Dungeon)
  9223 | D:10     | Bought a scroll of identify for 54 gold pieces
  9383 | Lair:1   | Entered Level 1 of the Lair of Beasts
  9383 | Lair:1   | Reached *** piety under Hepliaklqana
  9643 | Lair:1   | Reached skill level 12 in Polearms
  9860 | Lair:1   | Noticed Grum
  9863 | Lair:1   | Killed Grum
 10005 | Lair:1   | Noticed a death yak
 10011 | Lair:1   | Killed a death yak
 10405 | Lair:2   | Gained mutation: Your demonic aura causes all spilled blood
                  | to erupt in flames. [demonic ancestry]
 10405 | Lair:2   | Reached XP level 12. HP: 85/85 MP: 15/15
 10407 | Lair:2   | Reached skill level 13 in Polearms
 10600 | Lair:2   | Noticed a catoblepas
 10610 | Lair:2   | Killed a catoblepas
 10879 | Lair:2   | Found a hole to the Spider Nest.
 11178 | Lair:2   | Reached skill level 14 in Polearms
 11386 | Lair:2   | Reached **** piety under Hepliaklqana
 11414 | Lair:2   | Reached skill level 1 in Ranged Weapons
 11518 | Lair:2   | Found a staircase to the Swamp.
 11518 | Lair:2   | Noticed a ghost crab
 11518 | Lair:2   | Noticed a ghost crab
 11527 | Lair:2   | Slain by a ghost crab

Illustrated notes

Levels and vault maps discovered:
D:1:      dpeg_arrival_castle, layout_rooms
D:2:      layout_basic
D:3:      layout_loops_corners, mainiacjoe_overflow_alcove_1,
          ebering_ecumenical_altar_hall, uniq_robin
D:4:      layout_gridville, general_overflow_altar, kennysheep_donut,
          chequers_jeans
D:5:      layout_basic, temple_statues, minmay_shop_grid_forest,
          kennysheep_small_spiral
D:6:      layout_basic, mainiacjoe_overflow_catch_the_wave,
          overflow_temple_1_default
D:7:      kennysheep_housing_project, layout_cave_pods, gammafunk_ghost_split,
          enter_bailey_3, serial_bayou_pond_a
D:8:      layout_loops_ring, gammafunk_temple_overflow_arena,
          nicolae_tso_carved_into_rock, kennysheep_generic_room_4, uniq_maggie
D:9:      layout_layer_cave, grunt_temple_overflow_open,
          nicolae_ru_sacrificial_ziggurat, minmay_orc_entry_temple_small
D:10:     layout_cave_pools, lightli_temple_of_fire, serial_shops, shop,
          uniq_harold
Temple:   nicolae_temple_ecumenical_triangle
Lair:1:   layout_hall_layers, uniq_grum
Lair:2:   layout_roguey, nicolae_swamp_entry_spooky,
          nicolae_spider_entry_lesser_pyramids, grunt_megastairs_3,
          infiniplex_staircase_pool

Skill      XL: |  1  2  3  4  5  6  7  8  9 10 11 12 |
---------------+-------------------------------------+-----
Polearms       | 3 4 5 6 7 8 9 10 12 14 | 14.0
Fighting       | 3 4 5 6 9 |  9.0
Armour         | 2 4 5 6 |  6.2
Invocations    | 3 5 7 |  7.0
Dodging        | 3 5 |  5.0
Shields        | 3 5 |  5.0
Evocations     | 2 5 |  5.0
Ranged Weapons | 1 |  1.3
Throwing       | |  1.7

Action                   |  1- 3 |  4- 6 |  7- 9 | 10-12 || total
-------------------------+-------+-------+-------+-------++-------
Melee: Trident           |    69 |       |       |       ||    69
       Quarterstaff      |    24 |    49 |   136 |   227 ||   436
       Kick              |       |       |    47 |   102 ||   149
 Fire: Sling             |    29 |    66 |    65 |    71 ||   231
Invok: Ancestor Identity |       |       |     1 |       ||     1
       Ancestor Life: Kn |       |       |     1 |       ||     1
Evoke: Wand              |       |       |     1 |       ||     1
  Use: Scroll            |       |     8 |     9 |     3 ||    20
       Potion            |       |       |     1 |       ||     1
 Stab: Sleeping          |     2 |     2 |       |     2 ||     6
       Distracted        |       |     1 |       |     3 ||     4
Armor: Leather armour    |    25 |     9 |    15 |       ||    49
       Steam dragon scal |       |       |    32 |     9 ||    41
       Acid dragon scale |       |       |       |    20 ||    20
       Scale mail        |       |       |       |    26 ||    26
Dodge: Dodged            |    55 |    28 |    98 |   150 ||   331
Block: Other             |     6 |     9 |    44 |    72 ||   131

Table legend: (Time is in decaauts)
 A = Elapsed time spent in this place.
 B = Non-inter-level travel time spent in this place.
 C = Inter-level travel time spent in this place.
 D = Time resting spent in this place.
 E = Time spent auto-exploring this place.
 F = Levels seen in this place.
 G = Mean time per level.
                   A        B        C        D        E       F      G
               +--------+--------+--------+--------+--------+-----+--------+
         Total |  11606 |  11158 |    448 |   2331 |   6846 |  13 |  892.8 |
       Dungeon |   9402 |   9017 |    385 |   1826 |   5606 |  10 |  940.2 |
        Temple |     44 |     35 |      9 |      0 |     20 |   1 |   44.0 |
          Lair |   2159 |   2105 |     54 |    505 |   1220 |   2 | 1079.5 |
               +--------+--------+--------+--------+--------+-----+--------+

Top non-repeatable levels by time:
     D:9: 1460 daAuts
     D:7: 1329 daAuts
  Lair:1: 1180 daAuts
     D:8: 1032 daAuts
     D:5: 1014 daAuts
  Lair:2: 979 daAuts
     D:3: 953 daAuts
     D:6: 893 daAuts
     D:2: 756 daAuts
    D:10: 690 daAuts
     D:1: 677 daAuts
     D:4: 595 daAuts
  Temple: 44 daAuts
